 Dungeon Crawl Stone Soup version 0.29.0-13-gc9e81de378 (webtiles) character file.

Game seed: 1339337638085041983

203 gelatine the Shooter (level 5, -1/41 HPs)
             Began as a Demonspawn Hunter on Sept 7, 2022.
             Slain by a sky beast (3 damage)
             ... on level 4 of the Dungeon.
             The game lasted 00:04:57 (2104 turns).

gelatine the Shooter (Demonspawn Hunter)            Turns: 2104, Time: 00:04:57

Health: -1/41      AC:  3    Str: 12    XL:     5   Next: 51%
Magic:  5/5        EV: 12    Int: 10    God:
Gold:   153        SH:  0    Dex: 18    Spells: 4/4 levels left

rFire   . . .      SeeInvis .   a - +0 shortbow
rCold   . . .      Faith    .   (shield currently unavailable)
rNeg    . . .      Spirit   .   c - +0 leather armour
rPois   .          Reflect  .   (no helmet)
rElec   .          Harm     .   (no cloak)
rCorr   .          Rampage  .   (no gloves)
Will    .....                   (no boots)
Stlth   ++........              (no amulet)
HPRegen 0.13/turn               (no ring)
MPRegen 0.09/turn               (no ring)

@: no status effects
A: sturdy frame 1
a: no special abilities


You were on level 4 of the Dungeon.
You visited 1 branch of the dungeon, and saw 3 of its levels.

You collected 153 gold pieces.

Inventory:

Hand Weapons
 a - a +0 shortbow (weapon)
Armour
 c - a +0 leather armour (worn)
Scrolls
 b - 2 scrolls of immolation
 e - 3 scrolls of teleportation {unknown}
 f - a scroll of butterflies {unknown}
 g - 3 scrolls of blinking {unknown}
 h - a scroll of magic mapping {unknown}
 i - a scroll of brand weapon {unknown}
 j - 3 scrolls of identify {unknown}
Potions
 d - 2 potions of attraction {unknown}
 k - a potion of brilliance {unknown}
 l - a potion of might {unknown}
 m - a potion of mutation {unknown}


   Skills:
 + Level 3.1 Fighting
 + Level 5.5 Ranged Weapons
 + Level 2.3 Dodging
 + Level 0.9 Stealth


You had 4 spell levels left.
You didn't know any spells.
Your spell library contained the following spells:

 Spells                   Type           Power      Damage    Failure   Level
 Static Discharge         Conj/Air       0%         3-3/arc   52%         2
 Lightning Bolt           Conj/Air       0%         1d11      100%        5
 Maxwell's Capacitive Co  Air            0%         ∞         100%        8


Dungeon Overview and Level Annotations

Branches:
Dungeon (2/15)

Altars:
Cheibriados
Fedhas
Hepliaklqana
Okawaru
Sif Muna
Uskayaw

Shops:
D:1 *


Innate Abilities, Weirdness & Mutations

Your movements are slightly less encumbered by armour. (ER -2)


Message History

Press: ? - help, Q - select action Shift-Dir - straight line You shoot an arrow.
A sky beast appears from thin air!
Reactivating autopickup.
The sky beast barely misses you.
You shoot an arrow. The arrow closely misses the sky beast.
The sky beast hits you. The sky beast shocks you.
You shoot an arrow. The arrow hits the sky beast.
The sky beast is moderately wounded.
The sky beast flickers out of sight!
Deactivating autopickup; reactivate with Ctrl-A.
Something hits you. Something shocks you.
No target in view!
Okay, then.
Fire: a) +0 shortbow
Press: ? - help, Q - select action Shift-Dir - straight line You shoot an arrow.
Something hits you but does no damage. Something hits you.
Something shocks you.
Fire: a) +0 shortbow
Press: ? - help, Q - select action Shift-Dir - straight line You shoot an arrow.
Something hits you but does no damage.
Fire: a) +0 shortbow
Press: ? - help, Q - select action Shift-Dir - straight line You shoot an arrow.
Something hits you. Something shocks you.
* * * LOW HITPOINT WARNING * * *
Fire: a) +0 shortbow
Press: ? - help, Q - select action Shift-Dir - straight line You shoot an arrow.
Something hits you.
* * * LOW HITPOINT WARNING * * *
Something shocks you.
* * * LOW HITPOINT WARNING * * *
Fire: a) +0 shortbow
Press: ? - help, Q - select action Shift-Dir - straight line You shoot an arrow.
Something hits you.
You die...

.........# ......÷.## ##
## ......).# #_ #_#
........#####.# ##.#
......)....>#.. #..#
.....#)##..##..###..#
.#.#.#)# .###...#...#
.#.#.#.#.####..{#...#
.#.#.......##...@...##
##...#######.........##
.......####...8...8...##
###.##..##.............##
#...#...'...8...⌠...8.._#
..##....##.............##
.###.....##...8.†.8...##
.# #.....###.........##
.# #.....# ##.......##


There were no monsters in sight!

Vanquished Creatures
  A hound (D:4)
  An orc priest (D:4)
  Jessica (D:2)
  2 adders
  4 gnolls
  2 worms
  8 orcs (D:4)
  9 ball pythons
  2 endoplasms
  A giant cockroach (D:2)
  A goblin (D:1)
  2 hobgoblins
  3 jackals (D:2)
  3 quokkas (D:1)
  2 bats (D:1)
  3 frilled lizards
  2 kobolds
  5 rats
52 creatures vanquished.

Notes
Turn   | Place    | Note
-------+----------+-------------------------------------------
     0 | D:1      | gelatine the Demonspawn Hunter began the quest for the Orb.
     0 | D:1      | Reached XP level 1. HP: 16/16 MP: 1/1
   189 | D:1      | Gained mutation: Your movements are slightly less
                  | encumbered by armour. (ER -2) [demonic ancestry]
   189 | D:1      | Reached XP level 2. HP: 19/22 MP: 2/2
   274 | D:1      | Reached skill level 4 in Ranged Weapons
   596 | D:1      | Found Soshitt's Assorted Antiques.
   733 | D:2      | Reached XP level 3. HP: 28/28 MP: 3/3
  1331 | D:2      | Reached XP level 4. HP: 26/34 MP: 4/4
  1423 | D:2      | Noticed Jessica
  1429 | D:2      | Killed Jessica
  1430 | D:2      | Reached skill level 5 in Ranged Weapons
  1513 | D:2      | You fall into a shaft and drop 2 floors!
  1575 | D:4      | Reached XP level 5. HP: 41/41 MP: 5/5
  1890 | D:4      | Found a blossoming altar of Fedhas.
  2076 | D:4      | Found a shimmering blue altar of Sif Muna.
  2079 | D:4      | Found a hazy altar of Hepliaklqana.
  2079 | D:4      | Found a snail-covered altar of Cheibriados.
  2091 | D:4      | Found an iron altar of Okawaru.
  2094 | D:4      | Found a hide-covered altar of Uskayaw.
  2094 | D:4      | Noticed a sky beast
  2103 | D:4      | HP: 1/41 [something (6)]
  2104 | D:4      | Slain by a sky beast

Illustrated notes

Levels and vault maps discovered:
D:1:      dpeg_arrival_snail, layout_rooms, serial_shops,
          nicolae_shop_overgrown_old_shop
D:2:      layout_rooms, st_stairs_1, uniq_jessica
D:4:      layout_basic, minmay_overflow_temple_star_hex, kennysheep_little_box

Skill      XL: |  1  2  3  4 |
---------------+-------------+-----
Ranged Weapons | 4 5 |  5.5
Dodging        | 2 |  2.3
Fighting       | 3 |  3.1
Stealth        | |  0.9

Action                   |  1- 3 |  4- 6 || total
-------------------------+-------+-------++-------
Melee: Unarmed           |     3 |       ||     3
 Fire: Shortbow          |   104 |    92 ||   196
  Use: Potion            |     1 |       ||     1
Armor: Leather armour    |    13 |    11 ||    24
Dodge: Dodged            |    73 |    21 ||    94
